 Dungeon Crawl Stone Soup version 0.17-a0-1646-geb1493d (webtiles) character file.

2037 stringdemon the Slinger (level 9, -3/75 HPs)
             Began as a Deep Dwarf Fighter on Aug 10, 2015.
             Was a Follower of Makhleb.
             Slain by Duvessa
             ... wielding a +2 short sword of electrocution
              (17 damage)
             ... on level 7 of the Dungeon.
             The game lasted 00:34:45 (4538 turns).

stringdemon the Slinger (Deep Dwarf Fighter)        Turns: 4538, Time: 00:34:47

Health: -3/75      AC:  8    Str: 21    XL:     9   Next: 4%
Magic:  9/9        EV:  7    Int: 10    God:    Makhleb [*.....]
Gold:   289        SH:  9    Dex: 13    Spells: 0 memorised, 8 levels left

rFire  . . .     SeeInvis .     a - +3 hunting sling (velocity)
rCold  . . .     Clarity  .     g - +0 scale mail
rNeg   . . .     SustAt   .     c - +0 shield
rPois  .         Gourm    .     D - +0 helmet
rElec  .         Spirit   .     (no cloak)
rCorr  .         Warding  .     (no gloves)
rMut   .         Stasis   .     (no boots)
MR     +....                    (no amulet)
Stlth  ..........               (no ring)
                                (no ring)

@: lethally poisoned (-3 -> -3), non-regenerating, somewhat resistant to hostile
enchantments, extremely unstealthy
A: damage resistance, recharge devices, sense surroundings 2, slow healing 3
a: Device Recharging, Renounce Religion


You were on level 7 of the Dungeon.
You worshipped Makhleb.
Makhleb was aware of your devotion.
You were not hungry.

You visited 2 branches of the dungeon, and saw 8 of its levels.

You collected 289 gold pieces.

Inventory:

Hand weapons
 a - a +3 hunting sling of velocity (weapon)
 b - a +0 war axe
Missiles
 o - 255 stones (quivered)
 x - 8 steel javelins
Armour
 c - a +0 shield (worn)
 g - a +0 scale mail (worn)
 u - a +1 large shield
 D - a +0 helmet (worn)
Magical devices
 e - a wand of heal wounds (3)
 s - a wand of enslavement (8)
 w - a wand of magic darts (25)
 A - a wand of slowing (22)
 F - a wand of slowing (20)
 H - a wand of lightning (0)
Scrolls
 h - a scroll of recharging {unknown}
 j - a scroll of amnesia
 n - 2 scrolls of immolation
 p - 2 scrolls of magic mapping
 E - a scroll of enchant armour
 G - 2 scrolls of identify
Potions
 d - a potion of mutation {unknown}
 i - 3 potions of flight
 l - 2 potions of degeneration {unknown}
 q - 2 potions of haste {unknown}
 v - a potion of agility {unknown}
 z - 2 potions of resistance {unknown}
 C - 2 potions of brilliance {unknown}
Books
 y - a book of Death

   Spells                             Type                      Level
   a - Corpse Rot                     Necromancy                   2
   b - Sublimation of Blood           Necromancy                   2
   c - Agony                          Necromancy                   5
   d - Dispel Undead                  Necromancy                   5
   e - Excruciating Wounds            Charms/Necromancy            5
   f - Bolt of Draining               Conjuration/Necromancy       5
Comestibles
 f - 5 bread rations
 m - 3 beef jerkies
 r - 3 meat rations
 B - 11 chunks of flesh
 I - 7 slices of pizza


   Skills:
 - Level 3.1 Fighting
 - Level 2.1 Axes
 + Level 12.2 Slings
 - Level 3.2 Armour
 * Level 4.0 Shields


You had 8 spell levels left.
You didn't know any spells.

Dungeon Overview and Level Annotations

Branches:
Dungeon (7/15)             Temple (1/1) D:4

Altars:
Ashenzari
Cheibriados
Elyvilon
Fedhas
Kikubaaqudgha
Makhleb
Nemelex Xobeh
Qazlal
Sif Muna
Trog
Vehumet
Xom
Yredelemnul
The Shining One

Annotations:
D:4 Phlounder's ghost, average GrWn
D:5 zamu's ghost, experienced HaHu
D:6 Sigmund
D:7 Duvessa


Innate Abilities, Weirdness & Mutations

You are resistant to damage.
You can recharge devices by infusing magical energy.
You passively map the area around you.
You do not heal naturally.


Message History

You block the water moccasin's attack. The water moccasin bites you.
* * * LOW HITPOINT WARNING * * *
You are poisoned.
The water moccasin poisons you!
Duvessa hits you with a short sword of electrocution.
* * * LOW HITPOINT WARNING * * *
You block the water moccasin's attack.
Duvessa rages.
The water moccasin completely misses you.
You block Duvessa's attack.
Something shouts, "Scamper home, thou frothy miscreant wastrel!"
Your surroundings seem slightly different.
A shadow imp comes into view.
The shadow imp shouts, "Scamper home, thou pribbling wibble-sucking mish-mash!"
The water moccasin bites you but does no damage.
Duvessa hits you with a short sword of electrocution.
* * * LOW HITPOINT WARNING * * *
You are electrocuted!
You die...

(.........$.#,# * ,
, .((.........#.# *
* , ..(...>.....#.#
## ,* ,
..............#
##., ,*
...........<.# #..
............# #.# ,
.......?...# #.#
#....S.######.# **
***####@e.ยง).....#
##..........#####
#...............###
#.....#####..##....
#.#...# ##.######
#.#...# #...**##
#5###.# ###...#. #.
#.# ##... #.* #.#
###.


You could see Duvessa (berserk), a water moccasin and a shadow imp.

Vanquished Creatures
  Pikel (D:7)
  Eustachio (D:5)
  A hungry ghost (D:4)
  A human (D:7)
  An ice beast (D:5)
  A sky beast (D:6)
  A slave (D:7)
  Blork the orc (D:4)
  A giant frog (D:7)
  3 wights (D:5)
  Dowan (D:7)
  An orc priest (D:7)
  3 crimson imps
  A quasit (D:7)
  Ijyb (D:2)
  2 hounds (D:4)
  3 orc wizards
  3 worker ants
  4 sheep (D:7)
  Robin (D:4)
  5 adders
  3 gnolls (D:3)
  A shadow imp (D:5)
  2 oozes
  2 worms
  7 giant geckos
  8 orcs
  A ball python (D:1)
  6 bats
  5 giant cockroaches
  5 hobgoblins
  3 jackals (D:2)
  2 quokkas
  A giant gecko skeleton (D:4)
  5 giant newts
  16 goblins
  7 kobolds
  13 rats
124 creatures vanquished.

Vanquished Creatures (others)
  2 slaves (D:7)
  A quasit (D:7)
  An orc priest (D:7)
  An orc wizard (D:7)
5 creatures vanquished.

Grand Total: 129 creatures vanquished

Notes
Turn   | Place    | Note
--------------------------------------------------------------
     0 | D:1      | stringdemon the Deep Dwarf Fighter began the quest for the Orb.
     0 | D:1      | Reached XP level 1. HP: 20/20 MP: 1/1
   184 | D:1      | Reached XP level 2. HP: 26/28 MP: 2/2
   185 | D:1      | Reached skill level 1 in Slings
   753 | D:2      | Reached XP level 3. HP: 31/34 MP: 3/3
   930 | D:2      | Noticed Ijyb
   945 | D:2      | Killed Ijyb
   945 | D:2      | Reached XP level 4. HP: 34/42 MP: 4/4
  1202 | D:2      | Noticed a moth of wrath
  1205 | D:2      | Found a bloodstained altar of Trog.
  1215 | D:2      | Reached skill level 4 in Slings
  1854 | D:3      | Reached XP level 5. HP: 39/49 MP: 5/5
  1858 | D:3      | Reached skill level 5 in Slings
  2120 | D:3      | Found a stormy altar of Qazlal.
  2342 | D:4      | Reached skill level 6 in Slings
  2372 | D:4      | Reached XP level 6. HP: 34/56 MP: 6/6
  2401 | D:4      | Noticed a hungry ghost
  2410 | D:4      | Killed a hungry ghost
  2410 | D:4      | Reached skill level 7 in Slings
  2827 | D:4      | Noticed Blork the orc
  2912 | D:4      | Killed Blork the orc
  2912 | D:4      | Reached XP level 7. HP: 18/62 MP: 7/7
  3010 | D:4      | Noticed Robin
  3013 | D:4      | Killed Robin
  3125 | D:4      | Found a staircase to the Ecumenical Temple.
  3135 | Temple   | Entered the Ecumenical Temple
  3185 | Temple   | Became a worshipper of Makhleb the Destroyer
  3232 | D:4      | Noticed Phlounder's ghost (average GrWn)
  3319 | D:5      | Entered Level 5 of the Dungeon
  3349 | D:5      | Noticed Eustachio
  3351 | D:5      | Reached skill level 8 in Slings
  3366 | D:5      | Killed Eustachio
  3492 | D:5      | Reached skill level 9 in Slings
  3500 | D:5      | Noticed zamu's ghost (experienced HaHu)
  3644 | D:6      | Noticed Sigmund
  3690 | D:5      | Found a stormy altar of Qazlal.
  3801 | D:5      | Found a white marble altar of Elyvilon.
  4124 | D:6      | Reached XP level 8. HP: 22/69 MP: 8/8
  4157 | D:7      | Noticed Pikel
  4183 | D:7      | Reached skill level 10 in Slings
  4200 | D:7      | Killed Pikel
  4200 | D:7      | Reached skill level 11 in Slings
  4350 | D:7      | Reached skill level 12 in Slings
  4455 | D:7      | Acquired Makhleb's first power
  4461 | D:7      | Gained mutation: You passively map the area around you. [Deep Dwarf growth]
  4461 | D:7      | Reached XP level 9. HP: 40/75 MP: 9/9
  4522 | D:7      | Noticed Dowan
  4523 | D:7      | Noticed Duvessa
  4529 | D:7      | Killed Dowan
  4538 | D:7      | Slain by Duvessa

Vault maps used:
D:1:      mrwooster_arrival_statue, serial_park_tiny_1
D:2:      kennysheep_goblin_castle, tgw_trog
D:3:      nicolae_overflow_crystal_walls, first_bread
D:4:      temple_hall, uniq_robin, uniq_blork_the_orc, uniq_purgy
D:5:      elyvilon_altar_3, nicolae_qazlal_eye_of_the_storm, uniq_eustachio
D:6:      corexii_shack_village, nicolae_ru_sacrificial_ziggurat, uniq_sigmund
D:7:      grunt_livestock, uniq_duvessa, uniq_crazy_yiuf_cottage, uniq_pikel
Temple:   triangle_lava_temple_12

Action                   |  1- 3 |  4- 6 |  7- 9 || total
-------------------------+-------+-------+-------++-------
Melee: War axe           |    10 |       |       ||    10
 Fire: Hunting sling     |    78 |   133 |   196 ||   407
Evoke: Wand              |       |       |     4 ||     4
  Use: Scroll            |       |     3 |    10 ||    13
       Potion            |       |     1 |     4 ||     5
  Eat: Chunk             |       |     5 |     1 ||     6
       Meat ration       |       |     1 |       ||     1
